Map: Neon Violet Square LE

Players

IIIIIIIIIIII

  • Race: Zerg Zerg
  • League: Master
  • Spawn Location: 11:00

pillOw (Nina) - Winner!

  • Race: Protoss Protoss
  • League: Grandmaster
  • Spawn Location: 5:00

VOD

Have the link to the VOD?

Description

Time

  • Played on: Feb. 2, 2018, 4:49 p.m.
  • Length: 18:04
Show
View Real Time Build Order
Export as new Build Order

IIIIIIIIIIII Zerg 

Build Orders: Hatch First, Lurkers 

Get SALT Encoding   

  12  0:01  Drone  
  13  0:13  Overlord  
  13  0:18  Drone  
  14  0:31  Drone x2  
  16  0:37  Drone  
  17  0:54  Hatchery  
  16  0:57  Drone  
  16  1:00  Extractor  
  16  1:02  Drone  
  17  1:10  Drone  
  18  1:22  Spawning Pool  
  17  1:27  Drone  
  17  1:32  Drone  
  19  1:49  Overlord  
  19  1:58  Overlord  
  19  2:09  Zergling x4  
  19  2:10  Metabolic Boost  
  19  2:11  Queen  
  19  2:14  Drone  
  24  2:32  Zergling x2  
  24  2:33  Zergling x2  
  24  2:34  Drone x2  
  28  2:40  Drone, Queen  
  31  2:46  Drone  
  31  2:50  Drone  
  33  2:56  Drone  
  34  3:03  Drone  
  35  3:08  Hatchery  
  35  3:11  Overlord  
  34  3:13  Drone  
  34  3:19  Spore Crawler  
  34  3:20  Spore Crawler  
  34  3:24  Zergling x4  
  34  3:30  Drone x2  
  34  3:43  Drone x4  
  37  3:54  Drone x3  
  37  3:55  Queen  
  41  4:05  Lair  
  41  4:10  Drone x2  
  41  4:15  Drone x4  
  47  4:21  Queen  
  47  4:22  Spore Crawler  
  48  4:30  Extractor  
  47  4:31  Extractor  
  47  4:34  Drone x5  
  47  4:35  Drone  
  48  4:47  Drone x2  
  48  4:53  Drone x2  
  48  4:54  Drone x4, Overlord  
  48  4:59  Zergling x4  
  56  5:02  Drone  
  57  5:11  Spire  
  57  5:14  Drone x2, Extractor  
  56  5:15  Drone  
  56  5:20  Drone x3  
  61  5:31  Overlord  
  61  5:32  Overlord x2  
  61  5:47  Overlord  
  59  5:52  Zergling x4  
  59  5:53  Zergling x4  
  59  5:54  Drone x3  
  59  5:55  Drone x4  
  70  5:57  Extractor  
  70  5:58  Drone  
  70  6:09  Drone x2  
  69  6:14  Overlord  
  68  6:21  Hydralisk Den  
  68  6:22  Drone x6  
  68  6:24  Mutalisk  
  77  6:27  Queen  
  79  6:35  Drone x2  
  79  6:36  Drone x2  
  79  6:37  Evolution Chamber  
  79  6:40  Mutalisk  
  80  6:49  Mutalisk x3  
  80  6:54  Mutalisk x2  
  85  7:07  Mutalisk x2  
  85  7:08  Mutalisk x2  
  91  7:10  Drone x2  
  91  7:11  Drone x2  
  96  7:19  Extractor  
  96  7:22  Hydralisk  
  95  7:24  Overlord  
  95  7:25  Overlord  
  97  7:30  Overlord  
  97  7:31  Overlord  
  97  7:35  Overlord  
  97  7:43  Hydralisk x4  
  105  7:46  Drone  
  106  7:52  Lurker Den  
  106  7:53  Hydralisk x3  
  111  8:01  Hydralisk x3  
  111  8:05  Hydralisk  
  117  8:12  Hydralisk x2  
  118  8:19  Overlord  
  119  8:20  Hydralisk  
  119  8:23  Overlord  
  119  8:24  Overlord  
  117  8:29  Overlord  
  117  8:30  Muscular Augments  
  117  8:33  Hydralisk x2  
  119  8:46  Hydralisk  
  119  8:47  Hydralisk x4  
  125  8:49  Zerg Missile Weapons Level 1  
  125  8:50  Drone  
  125  8:52  Drone  
  125  8:53  Drone  
  116  9:06  Drone x4  
  116  9:07  Overlord  
  120  9:14  Spore Crawler  
  119  9:18  Lurker x5  
  119  9:21  Hatchery  
  123  9:48  Hydralisk, Grooved Spines  
  123  9:49  Hydralisk x3  
  126  9:55  Overlord  
  126  9:56  Drone x2  
  126  9:57  Drone  
  129  10:01  Hatchery  
  129  10:05  Infestation Pit, Drone  
  129  10:06  Drone x2  
  130  10:08  Hydralisk x4  
  130  10:09  Hydralisk  
  130  10:13  Overlord  
  130  10:14  Overseer  
  139  10:24  Overlord  
  139  10:26  Overlord  
  139  10:27  Drone x4  
  139  10:28  Drone  
  141  10:34  Overlord  
  139  10:36  Lurker x4  
  139  10:42  Drone x4  
  147  10:43  Drone x5  
  153  10:50  Lurker x2  
  153  10:51  Overlord  
  154  10:59  Zerg Flyer Armor Level 1  
  154  11:04  Overlord  
  154  11:08  Zerg Missile Weapons Level 2  
  154  11:10  Extractor  
  153  11:11  Extractor  
  153  11:13  Drone x6  
  153  11:14  Drone x6  
  163  11:24  Drone x8, Spore Crawler  
  170  11:30  Hive  
  170  11:31  Overlord  
  170  11:35  Lurker x3  
  170  11:37  Drone x2  
  170  11:38  Drone  
  176  11:40  Extractor x2  
  176  11:46  Drone x3  
  176  11:47  Overlord  
  177  11:52  Overlord  
  177  11:55  Spore Crawler x2  
  177  12:00  Overlord  
  175  12:01  Overlord  
  175  12:09  Pathogen Glands  
  175  12:14  Hydralisk x11  
  197  12:27  Overlord  
  197  12:28  Overlord  
  192  12:37  Overlord  
  192  12:42  Overlord  
  192  12:47  Lurker  
  192  12:48  Lurker x3  
  196  12:52  Evolution Chamber  
  196  12:56  Overseer  
  192  13:08  Greater Spire  
  192  13:09  Corruptor x4  
  200  13:19  Overlord  
  200  13:23  Overlord  
  200  13:24  Zerg Ground Armor Level 1  
  200  13:33  Hatchery  
  193  13:44  Hydralisk x3  
  199  13:53  Overlord  
  199  13:55  Overlord  
  199  13:58  Overlord  
  199  14:02  Overlord  
  199  14:23  Hydralisk x11  
  199  14:24  Hydralisk x3  
  183  14:33  Brood Lord  
  183  14:34  Brood Lord x2  
  173  14:38  Corruptor x3  
  173  14:39  Corruptor  
  173  14:42  Overseer  
  179  14:49  Overlord  
  179  14:55  Corruptor x2  
  179  14:56  Corruptor x2  
  179  14:59  Lurker x4  
  185  15:14  Brood Lord x2  
  185  15:15  Brood Lord x2  
  189  15:21  Overlord  
  187  15:32  Zerg Ground Armor Level 2, Hatchery  
  186  15:43  Zergling x28  
  186  15:45  Extractor  
  186  15:47  Extractor  
  198  15:53  Brood Lord  
  198  15:55  Hatchery  
  171  16:31  Hydralisk x20  
  190  16:38  Spine Crawler x2  
  177  16:40  Spine Crawler  
  167  16:49  Hydralisk x3  
  163  17:00  Hydralisk  
  163  17:01  Hydralisk x2  
  138  17:16  Hydralisk x5  
  149  17:22  Drone  
  149  17:23  Drone x2, Hydralisk  
  149  17:24  Hydralisk  
Show
View Real Time Build Order
Export as new Build Order

pillOw Protoss - Winner!

Build Orders: 1 Gate Expand, Oracle Opening, Archon Immortal, Carriers, Zealot Archon, Archon Drop 

Get SALT Encoding   

  12  0:01  Probe  
  13  0:13  Probe  
  14  0:19  Pylon  
  14  0:25  Probe (Chrono Boost)  
  15  0:37  Probe (Chrono Boost)  
  15  0:41  Gateway  
  16  0:46  Probe (Chrono Boost)  
  17  0:52  Probe, Assimilator  
  18  1:04  Probe  
  19  1:16  Probe  
  20  1:30  Nexus  
  20  1:36  Probe  
  21  1:44  Cybernetics Core  
  21  1:52  Assimilator  
  21  1:53  Probe  
  22  2:06  Pylon  
  22  2:07  Probe  
  23  2:22  Adept (Chrono Boost)  
  23  2:24  Probe  
  23  2:25  Stargate  
  26  2:34  Warp Gate  
  27  2:39  Probe (Chrono Boost)  
  27  2:41  Probe (Chrono Boost)  
  27  2:43  Adept (Chrono Boost)  
  30  2:51  Probe (Chrono Boost)  
  32  2:52  Probe (Chrono Boost)  
  32  2:56  Probe (Chrono Boost)  
  33  3:00  Probe  
  34  3:08  Adept, Probe  
  34  3:09  Oracle (Chrono Boost)  
  34  3:12  Probe  
  41  3:20  Probe  
  42  3:39  Probe, Gateway  
  42  3:41  Pylon  
  39  3:43  Probe  
  39  3:46  Oracle (Chrono Boost)  
  36  3:51  Probe  
  36  3:54  Pylon  
  36  3:55  Probe  
  41  4:03  Probe  
  41  4:07  Probe  
  43  4:10  Adept (Chrono Boost)  
  43  4:13  Assimilator  
  43  4:14  Assimilator  
  43  4:16  Probe  
  46  4:19  Probe  
  47  4:28  Probe  
  47  4:29  Robotics Facility  
  48  4:31  Probe  
  49  4:40  Probe, Twilight Council  
  49  4:43  Probe  
  51  4:52  Probe, Pylon, Phoenix (Chrono Boost)  
  52  4:55  Probe  
  55  5:02  Gateway  
  55  5:04  Probe  
  56  5:08  Gateway  
  56  5:13  Zealot  
  59  5:15  Warp Prism (Chrono Boost)  
  59  5:16  Probe  
  61  5:23  Templar Archives  
  61  5:38  Pylon  
  61  5:49  Nexus  
  61  5:54  Probe  
  61  5:55  Pylon  
  62  5:57  Probe, Pylon  
  52  6:04  Phoenix  
  65  6:15  Probe  
  65  6:17  High Templar x4  
  65  6:18  Probe  
  71  6:21  Shield Battery  
  71  6:22  Archon x2  
  71  6:28  Probe  
  71  6:29  Phoenix  
  71  6:30  Probe  
  75  6:33  Immortal  
  79  6:46  Probe  
  80  6:50  Zealot x3  
  86  6:54  Pylon x2  
  86  6:55  Shield Battery  
  86  7:00  Assimilator  
  86  7:05  Probe  
  86  7:06  Assimilator  
  87  7:09  Phoenix (Chrono Boost)  
  87  7:14  High Templar x2  
  87  7:15  Zealot x2  
  89  7:18  Archon  
  89  7:21  Probe x2  
  89  7:22  Probe  
  94  7:27  Forge  
  94  7:29  Phoenix  
  94  7:33  Probe  
  97  7:43  High Templar  
  93  7:45  High Templar  
  93  7:46  Probe x3  
  93  7:49  Archon  
  93  7:50  Zealot x2  
  102  7:54  Gateway  
  102  7:55  Gateway  
  102  7:56  Gateway  
  102  7:58  Probe, Phoenix  
  105  8:12  Zealot  
  105  8:13  Protoss Ground Weapons Level 1 (Chrono Boost), Zealot  
  105  8:16  Charge  
  109  8:25  Probe, Immortal  
  112  8:29  Pylon  
  112  8:30  Pylon  
  112  8:31  Probe  
  112  8:33  Psionic Storm  
  113  8:38  Sentry x2  
  117  8:47  Probe  
  118  8:51  Probe  
  119  8:56  Probe  
  119  8:59  Stalker x2  
  124  9:04  Immortal (Chrono Boost)  
  124  9:06  Zealot x2  
  132  9:11  Pylon  
  132  9:12  Pylon  
  132  9:14  Gateway  
  132  9:15  Gateway  
  132  9:21  Nexus  
  132  9:23  Photon Cannon  
  132  9:24  Pylon  
  132  9:28  Pylon x2  
  132  9:30  Photon Cannon, High Templar  
  132  9:31  High Templar  
  136  9:32  High Templar  
  136  9:35  High Templar  
  140  9:38  High Templar  
  140  9:41  Immortal (Chrono Boost)  
  144  9:54  High Templar  
  144  9:58  Photon Cannon  
  146  10:01  Photon Cannon  
  146  10:02  Shield Battery  
  146  10:03  Protoss Ground Weapons Level 2 (Chrono Boost)  
  146  10:04  Adept x2, Photon Cannon  
  150  10:12  Photon Cannon  
  150  10:17  Observer  
  151  10:32  Photon Cannon, High Templar  
  151  10:35  Robotics Facility, Photon Cannon  
  149  10:36  Photon Cannon  
  149  10:38  Observer  
  149  10:40  Photon Cannon  
  149  10:41  Pylon  
  150  10:45  Shield Battery, High Templar  
  150  10:46  High Templar  
  150  10:47  Zealot x2  
  158  10:50  Archon  
  158  10:52  Zealot  
  160  10:57  Shield Battery  
  160  10:59  Adept  
  160  11:00  Adept  
  160  11:03  Dark Shrine  
  164  11:07  Observer (Chrono Boost)  
  161  11:19  Assimilator  
  161  11:23  Immortal (Chrono Boost), Assimilator  
  161  11:25  Pylon  
  159  11:29  High Templar x2  
  159  11:31  Zealot x7  
  181  11:34  Archon  
  181  11:49  Probe x2  
  181  11:51  Warp Prism  
  185  11:57  Nexus  
  185  11:59  High Templar x3  
  185  12:00  High Templar  
  193  12:02  Zealot x2  
  193  12:03  Zealot, Archon  
  193  12:04  Archon  
  199  12:19  Fleet Beacon  
  199  12:21  Oracle  
  195  12:42  Probe  
  196  12:45  Stargate  
  196  12:47  Stargate, Pylon  
  196  12:48  Pylon  
  196  12:50  Pylon  
  196  12:58  Oracle  
  199  13:16  Graviton Catapult  
  199  13:17  Protoss Air Weapons Level 1 (Chrono Boost)  
  199  13:23  Stargate, Protoss Ground Weapons Level 3  
  199  13:31  Photon Cannon  
  199  13:32  Photon Cannon  
  199  13:34  Photon Cannon  
  199  13:36  Photon Cannon  
  199  13:39  Photon Cannon  
  199  13:40  Shield Battery  
  195  13:42  Shield Battery  
  195  14:00  Observer  
  186  14:21  Observer  
  186  14:23  Zealot x4  
  186  14:24  Zealot x2  
  181  14:30  Carrier (Chrono Boost)  
  181  14:31  Carrier x2 (Chrono Boost)  
  177  14:48  High Templar x4  
  185  14:56  Zealot x2  
  185  14:57  Zealot x3  
  195  15:04  Carrier (Chrono Boost)  
  187  15:22  Assimilator x2  
  187  15:23  Photon Cannon  
  187  15:24  Photon Cannon  
  187  15:26  Photon Cannon  
  187  15:27  Observer  
  182  15:30  High Templar x4  
  190  15:35  Protoss Air Weapons Level 2  
  190  15:42  Photon Cannon  
  190  15:43  Photon Cannon  
  190  15:45  Photon Cannon  
  190  15:47  Carrier (Chrono Boost), Photon Cannon  
  190  15:48  Oracle  
  192  15:53  Archon x2  
  192  15:54  Zealot x2  
  192  15:55  Zealot x3  
  200  16:18  Carrier (Chrono Boost)  
  192  16:21  Nexus  
  198  16:30  Carrier (Chrono Boost)  
  194  16:38  Carrier (Chrono Boost)  
  176  16:59  High Templar  
  176  17:00  High Templar x2  
  155  17:10  High Templar x2  
  155  17:11  High Templar x2  
  155  17:15  Archon x2  
  155  17:21  Pylon  
  153  17:23  Pylon  
  148  17:46  Zealot x6  
Tags
 
Add a new tag
Caveats
  • Supply blocks, unpowered buildings, or Contaminate may cause inaccurate times.
  • Supply counts are checked every 10 seconds.